 Dungeon Crawl Stone Soup version 0.31-a0-496-g6f97920a28 (webtiles) character file.

Game seed: 15361163898273716835

43 AstroCodex24 the Trooper (level 3, -13/29 HPs)
             Began as a Vampire Fighter on Aug 8, 2023.
             Mangled by an ogre
             ... wielding a +0 giant club
              (22 damage)
             ... on level 6 of the Dungeon.
             The game lasted 00:02:00 (376 turns).

AstroCodex24 the Trooper (Vampire Fighter)           Turns: 376, Time: 00:02:01

Health: -13/29     AC:  6    Str: 17    XL:     3   Next: 37%
Magic:  3/3        EV:  9    Int: 10    God:
Gold:   53         SH:  4    Dex: 13    Spells: 2/2 levels left

rFire   . . .        a - +0 war axe
rCold   . . .        c - +0 buckler
rNeg    . . .        b - +0 scale mail
rPois   .            (no helmet)
rElec   .            (no cloak)
rCorr   .            (no gloves)
SInv    +            (no boots)
Will    .....        (no amulet) Stlth
                     i - ring of wizardry
HPRegen 0.44/turn    (no ring)
MPRegen 0.08/turn

%: wizardry (x1)
@: healing quickly
A: alive, fangs 3, see invisible, vampiric 2
a: Exsanguinate


You were on level 6 of the Dungeon.
You visited 1 branch of the dungeon, and saw 6 of its levels.

You collected 53 gold pieces.

Inventory:

Hand Weapons
 a - a +0 war axe (weapon)
Armour
 b - a +0 scale mail (worn)
 c - a +0 buckler (worn)
Jewellery
 i - a ring of wizardry (left hand)
Scrolls
 e - 2 scrolls of identify {unknown}
 k - a scroll of teleportation {unknown}
Potions
 d - a potion of might
 f - a potion of haste {unknown}
 g - a potion of curing {unknown}
 h - a potion of enlightenment {unknown}
 j - 3 potions of mutation {unknown}


   Skills:
 + Level 3.1 Fighting
 + Level 2.3 Axes
 + Level 2.8 Armour
 + Level 0.3 Dodging
 + Level 3.0 Shields


You had 2 spell levels left.
You didn't know any spells.
Your spell library contained the following spells:

 Spells                   Type           Power      Damage    Failure   Level
 Call Canine Familiar     Summ           0%         N/A       86%         3
 Portal Projectile        Hex/Tloc       0%         N/A       86%         3
 Leda's Liquefaction      Hex/Erth       0%         N/A       99%         4


Dungeon Overview and Level Annotations

Branches:
Dungeon (6/15)
 Temple: D:4-7

Altars:
Fedhas

Shops:
D:2 =


Innate Abilities, Weirdness & Mutations

Your natural rate of healing is accelerated.
You have razor-sharp teeth.
You have supernaturally acute eyesight. (SInv)
You are afflicted with vampirism and can become a bat while bloodless.


Message History

Found 5 gold pieces and a leather armour.
Found 17 gold pieces.
A jelly comes into view.
The jelly quivers.
You now have 36 gold pieces (gained 5).
The jelly closely misses you.
You hit the jelly.
Your hands burn!
The jelly is lightly wounded.
The jelly closely misses you.
You barely miss the jelly. You bite the jelly.
The jelly is lightly wounded.
The jelly hits you but does no damage.
You slash the jelly!
Your hands burn!
The jelly is severely wounded.
The jelly barely misses you. The jelly closely misses you.
You barely miss the jelly.
The jelly is severely wounded.
The jelly hits you but does no damage.
You hit the jelly.
Your hands burn!
You bite the jelly.
You kill the jelly!
Your Fighting skill increases to level 3!
Your Shields skill increases to level 3!
You have reached level 3!
Your experience leads to an increase in your attributes!
Increase (S)trength, (I)ntelligence, or (D)exterity?
You feel stronger. x2
You can now turn into a vampire bat when bloodless.
Found a stone staircase leading down.
You now have 53 gold pieces (gained 17).
There is a stone staircase leading down here.
An ogre comes into view. It is wielding a +0 giant club.
The ogre shouts!
A phantom comes into view.
The ogre hits you with a +0 giant club!
Ouch! That really hurt!
You barely miss the ogre. The ogre hits you with a +0 giant club.
You completely miss the ogre.
The ogre hits you with a +0 giant club!!
Ouch! That really hurt!
You die...

..... ... . ## ...
#. .. # ... .# .#
.# #.# . .###.#
#W# # #. .#...
#O#.# #.##...
##@#.# . #....#
#....# .####.#
#######..###
......###........#
##.......>.......#
..........########
..######### ..#
#.#


You could see an ogre and a phantom.

Vanquished Creatures
  A jelly (D:6)
  A dart slug (D:2)
  4 ball pythons
  A bat (D:3)
  A giant cockroach (D:3)
  A hobgoblin (D:2)
  A quokka (D:2)
  A kobold (D:3)
  A rat (D:3)
12 creatures vanquished.

Notes
Turn   | Place    | Note
-------+----------+-------------------------------------------
     0 | D:1      | AstroCodex24 the Vampire Fighter began the quest for the
                  | Orb.
     0 | D:1      | Reached XP level 1. HP: 17/17 MP: 1/1
    85 | D:2      | Found Keshru's Jewellery Shoppe.
   119 | D:3      | Reached XP level 2. HP: 23/23 MP: 2/2
   232 | D:3      | Found a blossoming altar of Fedhas.
   286 | D:5      | Entered Level 5 of the Dungeon
   336 | D:6      | Gained mutation: You are afflicted with vampirism and can
                  | become a bat while bloodless. [Vampire growth]
   336 | D:6      | Reached XP level 3. HP: 26/29 MP: 3/3
   368 | D:6      | Noticed an ogre
   368 | D:6      | Noticed a phantom
   376 | D:6      | Mangled by an ogre

Illustrated notes

Levels and vault maps discovered:
D:1:      wheals_arrival_shading, layout_basic, hangedman_decor_peaks_small
D:2:      layout_rooms, serial_shops, nicolae_diamond_shop, shop, shop,
          nicolae_shop_rolled_up, minmay_tetromino_t4
D:3:      layout_rooms, mainiacjoe_overflow_tiny_flanked,
          mainiacjoe_overflow_paths
D:4:      layout_basic, minmay_temple_entry_butterflies, uniq_sigmund
D:5:      cheibrodos_quashed, layout_cave_pools, minmay_hollow_rounded_squares,
          uniq_duvessa
D:6:      layout_loops_ring, nicolae_letterblocks [nicolae_letter_subblock,
          nicolae_letter_subblock, nicolae_letter_subblock,
          nicolae_letter_subblock, nicolae_letter_subblock,
          nicolae_letter_subblock, nicolae_letter_subblock,
          nicolae_letter_subblock, nicolae_letter_subblock,
          nicolae_letter_subblock, nicolae_letter_subblock,
          nicolae_letter_subblock, nicolae_letter_subblock,
          nicolae_letter_subblock, nicolae_letter_subblock,
          nicolae_letter_subblock, nicolae_letter_subblock,
          nicolae_letter_subblock, nicolae_letter_subblock,
          nicolae_letter_subblock, nicolae_letter_subblock,
          nicolae_letter_subblock, nicolae_letter_subblock,
          nicolae_letter_subblock, nicolae_letter_subblock]

Skill      XL: |  1  2 |
---------------+-------+-----
Axes           | 2 |  2.3
Fighting       | 3 |  3.1
Shields        | 3 |  3.0
Armour         | |  2.8
Dodging        | |  0.3

Action                     || total
---------------------------++-------
  Melee: War axe           ||    34
         Bite              ||     2
 Armour: Scale mail        ||    18
  Dodge: Dodged            ||    25
  Block: Buckler           ||     8

Table legend: (Time is in decaauts)
 A = Elapsed time spent in this place.
 B = Non-inter-level travel time spent in this place.
 C = Inter-level travel time spent in this place.
 D = Time resting spent in this place.
 E = Time spent auto-exploring this place.
 F = Levels seen in this place.
 G = Mean time per level.
                   A        B        C        D        E       F      G
               +--------+--------+--------+--------+--------+-----+--------+
         Total |    389 |    383 |      6 |      0 |      0 |   6 |   64.8 |
       Dungeon |    389 |    383 |      6 |      0 |      0 |   6 |   64.8 |
               +--------+--------+--------+--------+--------+-----+--------+

Top non-repeatable levels by time:
     D:3: 140 daAuts
     D:2: 79 daAuts
     D:6: 64 daAuts
     D:4: 49 daAuts
     D:1: 28 daAuts
     D:5: 27 daAuts
